 Dungeon Crawl Stone Soup version 0.16.1-30-g34a7ffa (webtiles) character file.

367210 Miyamura the Deadly Accurate (level 21, -1/219 HPs)
             Began as a Troll Hunter on June 27, 2015.
             Was the Champion of Cheibriados.
             Slain by a shadow demon (20 damage)
             ... summoned by a deep elf demonologist
             ... led by an ironheart preserver
             ... on level 4 of the Vaults on June 28, 2015.
             The game lasted 03:24:19 (44161 turns).

Miyamura the Deadly Accurate (Troll Hunter)        Turns: 44161, Time: 03:24:19

Health: -1/219     AC: 25    Str: 41    XL:     21   Next: 61%
Magic:  0/31       EV: 20    Int: 33    God:    Cheibriados [******]
Gold:   2755       SH: 17    Dex: 39    Spells: 5 memorised, 8 levels left

rFire  . . .     SeeInvis .     K - +8 war axe "Guirpheal" {freeze, rPois rC+ Int+2 Stlth+}
rCold  + + +     Clarity  .     V - +0 ice dragon armour
rNeg   . . .     SustAb   .     G - +1 shield {AC+3}
rPois  +         Gourm    +     a - +0 hat
rElec  .         Spirit   +     Q - +1 cloak of the Dolphin {Dex+4 Slay+2} (curse)
rCorr  .         Warding  .     (gloves unavailable)
rMut   .         Stasis   .     (boots unavailable)
MR     ++...                    M - amulet "Kyzxuwn" {Spirit +Inv rF- MR+ Int+7 Dex+5}
Stlth  ++........               L - ring of protection from fire
                                r - ring of protection from fire

@: about to teleport, stone skin, marked, very slow, very resistant to hostile
enchantments, unstealthy
A: unfitting armour, claws 3, fast metabolism 3, gourmand, regeneration 2,
shaggy fur 1, tough skin 2
a: Bend Time, Temporal Distortion, Slouch, Step From Time, Renounce Religion,
Evoke Invisibility
}: 2/15 runes: serpentine, barnacled


You were on level 4 of the Vaults.
You worshipped Cheibriados.
Cheibriados was exalted by your worship.
You were completely stuffed.

You visited 7 branches of the dungeon, and saw 43 of its levels.

You collected 4507 gold pieces.
You spent 1752 gold pieces at shops.

Inventory:

Hand weapons
 K - the +8 war axe "Guirpheal" (weapon) {freeze, rPois rC+ Int+2 Stlth+}
   (You found it on level 5 of the Dungeon)

   It has been specially enchanted to freeze those struck by it, causing extra
   injury to most foes and up to half again as much damage against particularly
   susceptible opponents.
   It can also slow down cold-blooded creatures.
   It affects your intelligence (+2).
   It protects you from cold.
   It protects you from poison.
   It makes you more stealthy.
 U - a +9 giant spiked club of crushing
Missiles
 b - 70 large rocks (quivered)
 c - 17 throwing nets
Armour
 a - a +0 hat (worn)
 G - a +1 shield of protection (worn)
 Q - the cursed +1 cloak of the Dolphin (worn) {Dex+4 Slay+2}
   (You acquired it on level 1 of the Orcish Mines)

   It affects your dexterity (+4).
   It affects your accuracy and damage with ranged weapons and melee attacks
   (+2).
   It has a curse placed upon it.
 V - a +0 ice dragon armour (worn)
Rods
 d - a +0 rod of ignition (14/14)
   (You found it on level 3 of the Vaults)
Jewellery
 l - the amulet "Braba" {rCorr +Inv rF+ Int-5}
   (You found it on level 5 of the Shoals)

   [amulet of resist corrosion]

   It protects you from acid and corrosion.
   It affects your intelligence (-5).
   It protects you from fire.
   It lets you turn invisible.
 p - an uncursed amulet of stasis
 r - a ring of protection from fire (left claw)
 B - an uncursed ring of positive energy
 F - an uncursed ring of flight
 L - a ring of protection from fire (right claw)
 M - the amulet "Kyzxuwn" (around neck) {Spirit +Inv rF- MR+ Int+7 Dex+5}
   (You found it on level 13 of the Dungeon)

   [amulet of guardian spirit]

   It causes incoming damage to be split between your health and magic.
   It affects your intelligence (+7).
   It affects your dexterity (+5).
   It makes you vulnerable to fire.
   It affects your resistance to hostile enchantments.
   It lets you turn invisible.
 O - an uncursed ring of see invisible
Magical devices
 o - a wand of heal wounds (3)
 t - a wand of teleportation (4)
 W - a wand of digging (11)
Scrolls
 g - a scroll of summoning
 i - 2 scrolls of blinking
 n - 4 scrolls of amnesia
 s - 3 scrolls of fog
 u - 6 scrolls of fear
 v - 3 scrolls of identify
 w - 6 scrolls of recharging
 E - 2 scrolls of torment
 N - 6 scrolls of magic mapping
 Y - 4 scrolls of teleportation
 Z - 3 scrolls of remove curse
Potions
 e - 2 potions of magic
 h - a potion of berserk rage
 j - 11 potions of curing
 z - 4 potions of restore abilities
 A - 7 potions of lignification
 C - 2 potions of cure mutation
 D - 2 potions of heal wounds
 I - 3 potions of cancellation
 P - a potion of resistance
 S - a potion of agility
Comestibles
 f - 11 meat rations
 k - 8 slices of pizza
 m - 4 beef jerkies
 q - 17 bread rations
 x - 42 fruits
 H - 3 chunks of flesh


   Skills:
 + Level 15.5 Fighting
 - Level 14.0(14.6) Axes
 - Level 8.0(12.5) Maces & Flails
 + Level 16.7 Throwing
 + Level 8.8 Armour
 + Level 9.0 Dodging
 - Level 0.4 Stealth
 - Level 8.6 Shields
 - Level 0.4 Unarmed Combat
 + Level 2.5 Transmutations
 - Level 10.2 Earth Magic
 - Level 12.5 Invocations


You had 8 spell levels left.
You knew the following spells:

 Your Spells              Type           Power        Failure   Level  Hunger
a - Statue Form           Trmt/Erth      #####....    99%         6    #######
b - Summon Butterflies    Summ           #.......     17%         1    ##.....
c - Stoneskin             Trmt/Erth      #####...     1%          2    ###....
p - Pain                  Necr           #...         17%         1    ##.....
r - Repel Missiles        Chrm/Air       #.....       24%         2    ###....


Dungeon Overview and Level Annotations

Branches:
Dungeon (15/15)            Temple (1/1) D:7            Lair (8/8) D:11
 Shoals (5/5) Lair:3        Snake (5/5) Lair:3        Slime (0/6) Lair:7
    Orc (4/4) D:12            Elf (0/3) Orc:4        Vaults (5/5) D:14
  Crypt (0/3) Vaults:2     Depths (0/5) D:15

Altars:
Ashenzari
Cheibriados
Dithmenos
Elyvilon
Fedhas
Gozag
Kikubaaqudgha
Makhleb
Nemelex Xobeh
Okawaru
Qazlal
Ru
Sif Muna
Trog
Vehumet
Xom
Yredelemnul
Zin
The Shining One
Beogh
Jiyva

Shops:
Orc:1 *   Orc:2 %   Orc:3 [   Orc:4 %[:=   Shoals:5 [   Vaults:2 *   Vaults:4 %

Portals:
Trove: D:10 (give +6 demon whip)


Innate Abilities, Weirdness & Mutations

You are too large for most types of armour.
You have claws for hands.
Your metabolism is lightning-fast.
You like to eat raw meat.
You heal very quickly.
You are covered in fur (AC +1).
You have very tough skin (AC +2).


Message History

The vault warden hits you with a war axe of electrocution!!
* * * LOW HITPOINT WARNING * * *
The ynoxinul gestures at you. You block the iron shot.
The vault sentinel blows a loud note on a signal horn!
You block the soul eater's attack.
The deep elf demonologist casts a spell.
The shadow demon completely misses you.
You are too injured to fight recklessly!
Drink which item? (? for menu, Esc to quit)
Okay, then.
The raven changes into a crocodile!
You block the ironbrand convoker's attack.
You block the ironheart preserver's attack.
The frost giant hits you with a battleaxe of freezing!!
* * * LOW HITPOINT WARNING * * *
The vault warden hits you with a war axe of electrocution!
* * * LOW HITPOINT WARNING * * *
The shadow demon hits you!!
You die...

......#.....#.........#...#
......#.....#.........#...#
......#.....###########.(.#
......#........e......)...#
#######......##e#####.....#######
.............#.p.2..#............
.............#2t2...#............
.............#eppC3.#............
.............#2p@...#............
.............#.23...#....).......
.............#..[[).#............
.............#..[>[.#............
.............#..[)).#............
.............#......#............
#######......#...(..#.....#######
.#### #....#######+#####..# ##..#
#....#.#.#...#.#.'..#


You could see an ironheart preserver, a frost giant, a cacodemon, a vault
warden, a reaper, a soul eater, 3 shadow demons, 2 deep elf demonologists, a
vault sentinel, an ironbrand convoker, a ynoxinul, a crocodile shaped shifter
and a deep elf fighter.

Vanquished Creatures
  Norris (D:14)
  Jory (Vaults:4)
  A tentacled monstrosity (Vaults:4)
  A titan (Vaults:4)
  Vashnia (Snake:3)
  Polyphemus (Shoals:5)
  Rupert (D:14)
  Agnes (Snake:3)
  Ilsuiw (Shoals:5)
  11 greater nagas
  2 fire giants
  A frost giant (Vaults:3)
  Aizul (Snake:1)
  Louise (Snake:3)
  5 deep elf sorcerers
  Gastronok (Lair:3)
  12 vault wardens
  A ghoul (Vaults:2)
  19 ironheart preservers
  Jorgrun (Vaults:1)
  2 very ugly things (Vaults:4)
  4 stone giants
  3 ettins
  3 merfolk javelineers
  Snorg (Orc:1)
  A crystal guardian (Vaults:1)
  2 deep elf death magi
  10 merfolk impalers
  29 vault guards
  A jiangshi (Vaults:2)
  A rakshasa (D:14)
  9 yaktaur captains
  Fannar (Lair:7)
  12 hydras
  10 naga warriors
  6 centaur warriors
  4 great orbs of eyes
  12 anacondas
  Nessos (D:13)
  3 catoblepae
  2 ice dragons
  6 merfolk avatars
  Erica (D:14)
  5 merfolk aquamancers (Shoals:5)
  3 satyrs
  2 alligator snapping turtles
  7 ogre magi
  5 deep troll shamans
  2 death yaks (Shoals:5)
  A soul eater (Vaults:3)
  2 tengu warriors
  A deep troll earth mage (Vaults:4)
  3 orc high priests (Orc:4)
  12 shock serpents
  The ghost of tesudzi the Basher, a powerful VSSk of Qazlal (Lair:1)
  16 naga sharpshooters
  2 hell knights (Vaults:4)
  A sun demon (Vaults:3)
  A shadow wraith (Vaults:4)
  4 salamander mystics
  2 deep elf knights
  3 unseen horrors
  2 flayed ghosts
  29 sea snakes
  14 naga ritualists
  2 giant orange brains
  An ice statue (Lair:6)
  15 deep trolls
  2 deep elf summoners (Vaults:3)
  16 mana vipers
  8 hill giants
  8 necromancers
  22 harpies
  4 hornets
  19 orc knights
  A lindwurm (Lair:8)
  A small abomination (Vaults:4)
  17 ironbrand convokers
  5 fauns
  An oklob plant (Lair:2)
  6 water nymphs
  9 wolf spiders
  11 cyclopes
  19 manticores
  A stone giant zombie (Vaults:3)
  13 ugly things
  4 orc sorcerers
  4 sirens
  A water nymph (shapeshifter) (Vaults:1)
  22 griffons
  8 salamanders
  10 elephants
  A fire giant skeleton (Vaults:3)
  A rust devil (Vaults:2)
  Maurice (Orc:1)
  A black mamba (shapeshifter) (Vaults:1)
  8 guardian serpents
  Joseph (Orc:2)
  10 drowned souls
  A guardian serpent (shapeshifter) (Vaults:4)
  2 sixfirhies
  19 vault sentinels
  Psyche (D:8)
  42 black mambas
  26 naga magi
  13 spiny frogs
  An elf (shapeshifter) (Vaults:1)
  A redback zombie (D:15)
  2 kobold demonologists
  45 yaktaurs
  2 demonic crawlers (Vaults:3)
  10 komodo dragons
  A spriggan druid (Lair:8)
  2 fire drakes
  A silent spectre (Vaults:2)
  6 freezing wraiths
  4 polar bears (Lair:8)
  5 deep elf priests
  A polar bear (shapeshifter) (Vaults:2)
  13 two-headed ogres
  2 tengu conjurers
  7 trolls
  A giant leech (shapeshifter) (Vaults:3)
  4 wind drakes
  19 blink frogs
  41 merfolk
  3 wandering mushrooms (D:10)
  2 hellwings
  5 boulder beetles
  2 jumping spiders
  13 snapping turtles
  A two-headed ogre (shapeshifter) (Vaults:2)
  5 ravens
  A stone giant simulacrum (Vaults:1)
  21 redbacks
  A flying skull (Vaults:2)
  3 basilisks
  2 shadows
  A wraith (Vaults:1)
  A spriggan (shapeshifter) (D:14)
  17 humans
  6 wyverns
  4 deep elf magi
  13 spriggans (Lair:8)
  5 tarantellas
  A wyvern (shapeshifter) (D:15)
  22 water elementals
  10 deep elf fighters
  A hungry ghost (D:10)
  22 yaks
  Grum (D:10)
  8 wargs
  20 hippogriffs
  2 neqoxecs
  14 vampire mosquitoes
  68 nagas
  A deep troll zombie (Vaults:3)
  25 wolves
  3 mottled dragons
  A chaos spawn (Vaults:3)
  2 soldier ants (D:13)
  9 porcupines
  35 water moccasins
  A deep troll skeleton (Vaults:3)
  A sky beast (D:8)
  2 necrophages
  3 boggarts (Vaults:2)
  32 orc warriors
  7 black bears
  9 ice beasts
  An eye of draining (D:9)
  6 wasps
  2 phantoms
  24 ogres
  2 big kobolds
  10 centaurs
  A yaktaur zombie (Vaults:4)
  16 crocodiles
  A human skeleton (Vaults:2)
  Sigmund (D:6)
  A boring beetle (Lair:4)
  A brain worm (D:14)
  17 giant frogs
  2 wyvern skeletons
  A scorpion (D:5)
  19 killer bees
  2 oklob saplings (D:10)
  3 human simulacra (Vaults:2)
  8 wights
  A yak skeleton (Orc:4)
  7 crimson imps
  A goliath beetle (D:9)
  6 centaur zombies
  5 jellies
  7 centaur skeletons
  3 quasits
  Crazy Yiuf (D:6)
  4 giant frog zombies
  26 orc priests
  21 orc wizards
  10 hounds
  An iguana (shapeshifter) (D:14)
  Natasha (D:6)
  10 iguanas
  6 hell rats (Lair:6)
  5 worker ants
  An elf simulacrum (Vaults:2)
  5 killer bee zombies
  15 sheep
  Jessica (D:6)
  A hound zombie (D:5)
  A mummy (D:13)
  2 gnolls
  31 river rats
  19 adders
  2 shadow imps
  3 worms
  7 white imps
  2 ufetubi
  2 adder skeletons (D:6)
  2 adder zombies
  3 orc zombies
  6 giant geckos
  An ooze (D:2)
  151 orcs
  15 bats
  A bat zombie (D:5)
  8 giant cockroaches
  16 goblins
  18 hobgoblins
  10 jackals
  9 quokkas
  A ball python (D:7)
  A giant gecko zombie (D:5)
  3 giant newts
  A giant spore (D:13)
  23 kobolds
  14 rats
  4 rat skeletons (Orc:4)
  3 ballistomycetes (D:13)
  3 fungi (Lair:8)
  8 plants
1863 creatures vanquished.

Vanquished Creatures (collateral kills)
  A basilisk (Lair:4)
  An adder (Lair:4)
2 creatures vanquished.

Vanquished Creatures (others)
  A black mamba (Snake:1)
  17 drowned souls
  2 nagas
  An adder (Lair:4)
  An orc (Orc:4)
  3 giant spores (D:12)
  A rat skeleton (Orc:4)
  A wandering mushroom (D:10)
  6 fungi
  9 plants
42 creatures vanquished.

Grand Total: 1907 creatures vanquished

Notes
Turn   | Place    | Note
--------------------------------------------------------------
     0 | D:1      | Miyamura, the Troll Hunter, began the quest for the Orb.
     0 | D:1      | Reached XP level 1. HP: 19/19 MP: 1/1
   208 | D:1      | Reached XP level 2. HP: 27/27 MP: 1/1
   239 | D:1      | Reached skill level 4 in Throwing
   444 | D:1      | Reached XP level 3. HP: 35/35 MP: 2/2
  1112 | D:2      | Found a snail-covered altar of Cheibriados.
  1114 | D:2      | Reached XP level 4. HP: 42/42 MP: 2/2
  1124 | D:2      | Reached skill level 1 in Maces & Flails
  1149 | D:2      | Became a worshipper of Cheibriados the Contemplative
  1697 | D:3      | Reached XP level 5. HP: 43/50 MP: 2/2
  1725 | D:3      | Acquired Cheibriados' first power
  2007 | D:4      | Noticed an ogre
  2010 | D:4      | Killed an ogre
  2230 | D:4      | Reached XP level 6. HP: 28/59 MP: 3/3
  2508 | D:5      | Entered Level 5 of the Dungeon
  2882 | D:5      | Reached skill level 5 in Throwing
  3032 | D:5      | Reached XP level 7. HP: 54/67 MP: 3/3
  3255 | D:5      | Got a dazzling war axe
  3256 | D:5      | Identified the +8 war axe "Guirpheal" {freeze, rPois rC+ Int+2 Stlth+} (You found it on level 5 of the Dungeon)
  3748 | D:6      | Acquired Cheibriados' second power
  3748 | D:6      | Reached skill level 1 in Axes
  3840 | D:6      | Noticed an angel
  3840 | D:6      | Noticed Sigmund
  3843 | D:6      | Killed Sigmund
  3844 | D:6      | Found a glowing silver altar of Zin.
  3889 | D:6      | Found a deep blue altar of Sif Muna.
  3889 | D:6      | Noticed Jessica
  3890 | D:6      | Killed Jessica
  4022 | D:6      | Noticed Natasha
  4197 | D:6      | Killed Natasha
  4240 | D:6      | Noticed Crazy Yiuf
  4246 | D:6      | Killed Crazy Yiuf
  4394 | D:7      | Reached XP level 8. HP: 78/78 MP: 3/3
  4544 | D:7      | Found a staircase to the Ecumenical Temple.
  4556 | Temple   | Entered the Ecumenical Temple
  5101 | D:7      | Reached skill level 6 in Throwing
  5135 | D:8      | Acquired Cheibriados' third power
  5266 | D:8      | Reached skill level 5 in Fighting
  5330 | D:8      | Noticed Psyche
  5405 | D:8      | Killed Psyche
  5405 | D:8      | Reached skill level 5 in Dodging
  5405 | D:8      | Reached XP level 9. HP: 80/88 MP: 4/4
  5688 | D:9      | Acquired Cheibriados' fourth power
  5724 | D:9      | Reached skill level 7 in Throwing
  5879 | D:9      | Noticed a hill giant
  5884 | D:9      | Killed a hill giant
  6513 | D:9      | Learned a level 1 spell: Summon Butterflies
  6611 | D:9      | Reached skill level 5 in Axes
  6648 | D:9      | Reached XP level 10. HP: 98/98 MP: 4/4
  6664 | D:10     | Entered Level 10 of the Dungeon
  6699 | D:10     | Found a glowing golden altar of the Shining One.
  6860 | D:10     | Found a blossoming altar of Fedhas.
  7012 | D:10     | Reached skill level 8 in Throwing
  7326 | D:10     | Found a portal to a secret trove of treasure.
  7385 | D:10     | Noticed a cyclops
  7388 | D:10     | Killed a cyclops
  7605 | D:10     | Noticed Grum
  7616 | D:10     | Killed Grum
  7657 | D:10     | Noticed a hill giant
  7660 | D:10     | Killed a hill giant
  7856 | D:11     | Found a staircase to the Lair.
  7928 | D:11     | Reached XP level 11. HP: 92/109 MP: 4/4
  7991 | D:11     | Noticed an eight-headed hydra
  7993 | D:11     | Killed an eight-headed hydra
  8225 | Lair:1   | Entered Level 1 of the Lair of Beasts
  8253 | Lair:1   | Noticed tesudzi's ghost (powerful VSSk)
  8256 | Lair:1   | Reached skill level 9 in Throwing
  8263 | Lair:1   | Killed tesudzi's ghost
  8313 | Lair:1   | Noticed a six-headed hydra
  8319 | Lair:1   | Killed a six-headed hydra
  8588 | Lair:1   | Got a brightly glowing quarterstaff
  8589 | Lair:1   | Identified the +6 quarterstaff of Context {drain, -Tele Str+2 Int+5} (You found it on level 1 of the Lair of Beasts)
  8850 | Lair:1   | Noticed an eight-headed hydra
  8855 | Lair:1   | Killed an eight-headed hydra
  9235 | Lair:2   | Found an opulent altar of Gozag.
  9254 | Lair:2   | Reached skill level 5 in Maces & Flails
  9259 | Lair:2   | Found a deep blue altar of Sif Muna.
  9469 | Lair:2   | Got a transparent war axe
  9470 | Lair:2   | Identified the cursed +0 war axe "Lamasesuene" {flame, -Tele rC+ Int+2} (You found it on level 2 of the Lair of Beasts)
  9532 | Lair:2   | Noticed a five-headed hydra
  9537 | Lair:2   | Killed a five-headed hydra
  9537 | Lair:2   | Reached XP level 12. HP: 122/122 MP: 5/5
 10207 | Lair:3   | Found a staircase to the Snake Pit.
 10230 | Lair:3   | Reached skill level 10 in Throwing
 10300 | Lair:3   | Found a staircase to the Shoals.
 10501 | Lair:3   | Noticed Gastronok
 10520 | Lair:3   | Killed Gastronok
 11041 | Lair:4   | Noticed a seven-headed hydra
 11048 | Lair:4   | Killed a seven-headed hydra
 11048 | Lair:4   | Reached skill level 1 in Armour
 11048 | Lair:4   | Reached skill level 1 in Invocations
 11127 | Lair:4   | Noticed an eight-headed hydra
 11133 | Lair:4   | Killed an eight-headed hydra
 11210 | Lair:4   | Learned a level 1 spell: Pain
 11295 | Lair:4   | Noticed an eight-headed hydra
 11298 | Lair:4   | Killed an eight-headed hydra
 11459 | Lair:4   | Noticed a five-headed hydra
 11462 | Lair:4   | Killed a five-headed hydra
 11542 | Lair:4   | Noticed a catoblepas
 11551 | Lair:4   | Killed a catoblepas
 11615 | Lair:4   | Reached XP level 13. HP: 94/131 MP: 11/12
 13333 | Lair:6   | Reached skill level 11 in Throwing
 13641 | Lair:6   | Learned a level 6 spell: Statue Form
 13644 | Lair:6   | Learned a level 2 spell: Stoneskin
 13738 | Lair:7   | Noticed Fannar
 13742 | Lair:7   | Killed Fannar
 13883 | Lair:7   | Found a viscous altar of Jiyva.
 13884 | Lair:7   | Found a staircase to the Slime Pits.
 13963 | Lair:7   | Reached skill level 5 in Invocations
 14365 | Lair:8   | Entered Level 8 of the Lair of Beasts
 14395 | Lair:8   | Identified a scroll of acquirement
 14440 | Lair:8   | Reached skill level 10 in Fighting
 14722 | Lair:8   | Reached skill level 1 in Shields
 14785 | Lair:8   | Reached XP level 14. HP: 125/143 MP: 18/18
 15966 | D:12     | Found a roughly hewn altar of Beogh.
 16010 | D:12     | Found a staircase to the Orcish Mines.
 16687 | Orc:1    | Entered Level 1 of the Orcish Mines
 16688 | Orc:1    | Found Joucier's General Store.
 16777 | Orc:2    | Found Klom's Food Shoppe.
 17077 | Orc:2    | Noticed Joseph
 17085 | Orc:2    | Killed Joseph
 17309 | Orc:1    | Noticed Maurice
 17314 | Orc:1    | Killed Maurice
 17315 | Orc:1    | Noticed Snorg
 17328 | Orc:1    | Killed Snorg
 17704 | Orc:3    | Found Klaetael's Armour Emporium.
 18269 | Orc:4    | Entered Level 4 of the Orcish Mines
 18290 | Orc:4    | Found a staircase to the Elven Halls.
 18502 | Orc:4    | Found a roughly hewn altar of Beogh.
 18614 | Orc:4    | Reached skill level 12 in Throwing
 18625 | Orc:4    | Found a bloodstained altar of Trog.
 18932 | Orc:4    | Paralysed by an orc sorcerer for 4 turns
 18935 | Orc:4    | Found Qeesk's Antique Armour Shop.
 18936 | Orc:4    | Found Fruhil's Food Emporium.
 18942 | Orc:4    | Found Zazoanuo's Jewellery Shop.
 18944 | Orc:4    | Gained mutation: Your spells are a little easier to cast, but a little less powerful. [a neqoxec]
 18945 | Orc:4    | Gained mutation: Your spells are easier to cast, but less powerful. [a neqoxec]
 18946 | Orc:4    | Gained mutation: Armour fits poorly on your strangely shaped body. [a neqoxec]
 18952 | Orc:4    | Lost mutation: Your spells are easier to cast, but less powerful. [potion of cure mutation]
 18952 | Orc:4    | Lost mutation: Armour fits poorly on your strangely shaped body. [potion of cure mutation]
 18952 | Orc:4    | Lost mutation: Your spells are a little easier to cast, but a little less powerful. [potion of cure mutation]
 18968 | Orc:4    | Found Wiseuhen's Book Emporium.
 19145 | Orc:4    | Bought the Volume of Air for 696 gold pieces
 19148 | Orc:4    | Learned a level 2 spell: Repel Missiles
 19272 | Orc:1    | Bought a potion of restore abilities for 70 gold pieces
 19272 | Orc:1    | Bought a potion of resistance for 140 gold pieces
 19272 | Orc:1    | Bought a scroll of identify for 28 gold pieces
 19272 | Orc:1    | Bought a scroll of acquirement for 728 gold pieces
 19276 | Orc:1    | Got a crude cloak
 19287 | Orc:1    | Identified the +1 cloak of the Dolphin {Dex+4 Slay+2} (You acquired it on level 1 of the Orcish Mines)
 19624 | D:13     | Got a faintly glowing ruby amulet
 19688 | D:13     | Identified the amulet "Kyzxuwn" {Spirit +Inv rF- MR+ Int+7 Dex+5} (You found it on level 13 of the Dungeon)
 19722 | D:13     | Noticed Nessos
 19742 | D:13     | Killed Nessos
 19880 | D:13     | Reached XP level 15. HP: 153/153 MP: 21/21
 20107 | D:14     | Noticed Norris
 20107 | D:14     | Noticed Rupert
 20256 | D:14     | Found a gate to the Vaults.
 20345 | D:14     | Noticed Erica
 20350 | D:14     | Killed Erica
 20394 | D:14     | Reached skill level 5 in Shields
 20687 | D:14     | Paralysed by something for 4 turns
 20705 | D:14     | Paralysed by Norris for 6 turns
 20987 | D:14     | Paralysed by Norris for 7 turns
 21007 | D:14     | Paralysed by Norris for 4 turns
 21016 | D:14     | Killed Norris
 21288 | D:14     | Killed Rupert
 21320 | D:15     | Entered Level 15 of the Dungeon
 21355 | D:15     | Found a sparkling altar of Nemelex Xobeh.
 21540 | D:15     | Found a staircase to the Depths.
 22578 | Snake:1  | Entered Level 1 of the Snake Pit
 22696 | Snake:1  | Noticed Aizul
 22723 | Snake:1  | Killed Aizul
 23296 | Snake:1  | Reached skill level 13 in Throwing
 23478 | Snake:2  | Gained mutation: You are clumsy. (Dex -2) [potion of mutation]
 23478 | Snake:2  | Gained mutation: You are weak. (Str -2) [potion of mutation]
 23478 | Snake:2  | Gained mutation: Your system is resistant to poisons. [potion of mutation]
 23479 | Snake:2  | Lost mutation: You are clumsy. (Dex -2) [potion of cure mutation]
 23479 | Snake:2  | Lost mutation: Your system is resistant to poisons. [potion of cure mutation]
 23479 | Snake:2  | Lost mutation: You are weak. (Str -2) [potion of cure mutation]
 23480 | Snake:2  | Gained mutation: You are covered in thick fur (AC +2). [potion of beneficial mutation]
 23911 | Snake:2  | Reached XP level 16. HP: 165/165 MP: 24/24
 24641 | Snake:3  | Noticed Louise
 24651 | Snake:3  | Reached skill level 10 in Axes
 24663 | Snake:3  | Killed Louise
 24785 | Snake:3  | Noticed Agnes
 24871 | Snake:3  | Killed Agnes
 25086 | Snake:3  | Found a white marble altar of Elyvilon.
 25372 | Snake:3  | Noticed Vashnia
 25838 | Snake:3  | Killed Vashnia
 26430 | Snake:4  | Reached skill level 10 in Invocations
 26785 | Snake:5  | Entered Level 5 of the Snake Pit
 26793 | Snake:5  | Reached XP level 17. HP: 154/175 MP: 22/26
 28058 | Snake:5  | Reached skill level 14 in Throwing
 28349 | Snake:5  | Reached skill level 1 in Earth Magic
 29309 | Snake:5  | Got a serpentine rune of Zot
 29619 | Shoals:1 | Entered Level 1 of the Shoals
 29830 | Shoals:1 | Reached XP level 18. HP: 185/185 MP: 28/28
 31608 | Shoals:3 | Found a runed door.
 31777 | Shoals:3 | Got a faintly glowing great sword
 31778 | Shoals:3 | Identified the +4 great sword "Ghuidgh" {slice, +Blink rPois} (You found it on level 3 of the Shoals)
 32918 | Shoals:5 | Entered Level 5 of the Shoals
 32918 | Shoals:5 | Noticed Polyphemus
 33184 | Shoals:5 | Reached skill level 5 in Earth Magic
 33199 | Shoals:5 | HP: 9/188 [Polyphemus (26)]
 33204 | Shoals:5 | Killed Polyphemus
 34025 | Shoals:5 | Got a faintly glowing lead amulet
 34027 | Shoals:5 | Identified the amulet "Braba" {rCorr +Inv rF+ Int-5} (You found it on level 5 of the Shoals)
 34361 | Shoals:5 | Got a fine robe
 34362 | Shoals:5 | Identified the +2 robe "Vits" {Regen+ rCorr Str+3 SInv} (You took it off a merfolk impaler on level 5 of the Shoals)
 34735 | Shoals:5 | Reached XP level 19. HP: 196/196 MP: 30/30
 34907 | Shoals:5 | Noticed Ilsuiw
 34924 | Shoals:5 | Reached skill level 15 in Throwing
 35143 | Shoals:5 | Killed Ilsuiw
 35376 | Shoals:5 | Found Gaturr's Antique Armour Shoppe.
 35394 | Shoals:5 | Got a barnacled rune of Zot
 36003 | Vaults:1 | Entered Level 1 of the Vaults
 36403 | Vaults:1 | Reached skill level 5 in Armour
 37214 | Vaults:1 | Noticed Jorgrun
 37228 | Vaults:1 | Killed Jorgrun
 38298 | Vaults:2 | Got a scorched arbalest
 38299 | Vaults:2 | Identified the +10 arbalest "Logah" {penet, Contam rElec rN+ MR+ Int+2} (You found it on level 2 of the Vaults)
 38652 | Vaults:2 | Found Kemeefe's General Store.
 38661 | Vaults:2 | Bought a scroll of identify for 20 gold pieces
 38661 | Vaults:2 | Bought a scroll of identify for 20 gold pieces
 38661 | Vaults:2 | Bought a scroll of identify for 20 gold pieces
 38661 | Vaults:2 | Bought a potion of curing for 30 gold pieces
 38750 | Vaults:2 | Found a staircase to the Crypt.
 39035 | Vaults:2 | Reached XP level 20. HP: 200/208 MP: 29/31
 40655 | Vaults:3 | Gained mutation: You have difficulty communicating with the divine. [a neqoxec]
 40661 | Vaults:3 | Reached skill level 16 in Throwing
 40682 | Vaults:3 | Lost mutation: You have difficulty communicating with the divine. [potion of cure mutation]
 40682 | Vaults:3 | Lost mutation: You are covered in thick fur (AC +2). [potion of cure mutation]
 41648 | Vaults:4 | Found Deubbas' Food Boutique.
 41684 | Vaults:4 | Reached skill level 15 in Fighting
 41951 | Vaults:4 | Noticed Jory
 41966 | Vaults:4 | Killed Jory
 42547 | Vaults:4 | Reached XP level 21. HP: 157/218 MP: 22/31
 42842 | Vaults:4 | Reached skill level 10 in Earth Magic
 43558 | Vaults:4 | Reached skill level 1 in Transmutations
 43847 | Vaults:4 | Identified a +0 rod of ignition (14/14) (You found it on level 3 of the Vaults)
 43853 | Vaults:5 | Entered Level 5 of the Vaults
 44161 | Vaults:4 | Slain by a shadow demon

Action                   |  1- 3 |  4- 6 |  7- 9 | 10-12 | 13-15 | 16-18 | 19-21 || total
-------------------------+-------+-------+-------+-------+-------+-------+-------++-------
Melee: Unarmed           |    37 |       |       |       |       |       |       ||    37
       Mace              |    58 |   169 |    24 |       |       |       |       ||   251
       War axe           |       |       |   170 |   102 |  1135 |  1263 |  1403 ||  4073
       Giant spiked club |       |       |       |   263 |   213 |       |       ||   476
Throw: Large rock        |     7 |     1 |    23 |    77 |    62 |   123 |    21 ||   314
 Cast: Summon Butterflie |       |       |     2 |       |       |       |       ||     2
       Repel Missiles    |       |       |       |       |     2 |     3 |     5 ||    10
       Stoneskin         |       |       |       |       |       |       |     1 ||     1
Invok: Bend Time         |       |       |       |       |     4 |     4 |     5 ||    13
       Temporal Distorti |       |       |       |       |       |    11 |     5 ||    16
 Abil: Evoke Flight      |       |       |     1 |       |     1 |       |       ||     2
Evoke: Wand              |       |       |       |    22 |     6 |     4 |       ||    32
  Use: Scroll            |     7 |     8 |     6 |    17 |    24 |     9 |     8 ||    79
       Potion            |     1 |       |     2 |     6 |    10 |    10 |     5 ||    34
 Stab: Sleeping          |     1 |     2 |     9 |    18 |    15 |     6 |     3 ||    54
       Distracted        |       |       |     2 |     1 |     2 |     4 |     4 ||    13
       Confused          |       |       |       |       |     2 |       |       ||     2
       Petrified         |       |       |       |       |     3 |       |       ||     3
       Invisible         |       |       |       |       |     2 |       |       ||     2
  Eat: Chunk             |    14 |    13 |    26 |    34 |    83 |    69 |    64 ||   303
       Royal jelly       |       |       |       |     1 |     1 |     1 |       ||     3
